 Dungeon Crawl Stone Soup version 0.21-a0-417-g0adc95b (webtiles) character file.

63 sagitran the Charlatan (level 4, -2/25 HPs)
             Began as a Kobold Artificer on Nov 3, 2017.
             Shot themself with a puff of frost (4 damage)
             ... on level 2 of the Dungeon.
             The game lasted 00:05:38 (1327 turns).

sagitran the Charlatan (Kobold Artificer)           Turns: 1327, Time: 00:05:39

Health: -2/25      AC:  3    Str: 10    XL:     4   Next: 30%
Magic:  7/7        EV: 15    Int: 12    God:
Gold:   42         SH:  0    Dex: 15    Spells: 3/3 levels left

rFire    + . .     SeeInvis .   g - +0 short sword (freeze)
rCold    + . .     Gourm    .   (shield restricted)
rNeg     . . .     Faith    .   b - +0 leather armour
rPois    +         Spirit   .   (no helmet)
rElec    +         Reflect  .   (no cloak)
rCorr    +         Harm     .   (no gloves)
MR       .....                  (no boots)
Stlth    ++........             (no amulet)
HPRegen  0.08/turn              (no ring)
MPRegen  0.10/turn              (no ring)

@: lethally poisoned (-2 -> -10), resistant
A: carnivore 3
a: no special abilities


You were on level 2 of the Dungeon.
You were very full.

You visited 1 branch of the dungeon, and saw 2 of its levels.

You collected 42 gold pieces.

Inventory:

Hand Weapons
 a - a +0 short sword
 g - a +0 short sword of freezing (weapon)
Armour
 b - a +0 leather armour (worn)
 j - +0 storm dragon scales
Wands
 c - a wand of flame (11/48)
 d - a wand of enslavement (15/24)
 e - a wand of random effects (13/48)
Scrolls
 h - a scroll of recharging {unknown}
Potions
 i - a potion of cancellation
Comestibles
 f - 3 meat rations
 l - a chunk of flesh


   Skills:
 + Level 1.1 Fighting
 + Level 2.1 Short Blades
 + Level 1.4 Armour
 + Level 2.5 Dodging
 + Level 1.5 Stealth
 + Level 4.9 Evocations


You had 3 spell levels left.
You didn't know any spells.

Dungeon Overview and Level Annotations

Branches:
Dungeon (2/15)

Altars:


Innate Abilities, Weirdness & Mutations

You are small and have problems with some larger weapons.
You are carnivorous and can eat meat at any time.


Message History

The bolt of poison hits the adder.
You kill the adder!
Your Short Blades skill increases to level 2!
The bolt of poison misses the rat.
This wand has 14 charges left.
Evoke which item? (* to show all) (? for menu, Esc to quit)
Aiming: Random Effects
Press: ? - help, Shift-Dir - straight line, f - rat
Aim: a rat The rat flickers and vanishes!
Deactivating autopickup; reactivate with Ctrl-A.
This wand has 13 charges left.
* * * LOW HITPOINT WARNING * * *
You feel sick. Something bites you.
* * * LOW HITPOINT WARNING * * *
Evoke which item? (* to show all) (? for menu, Esc to quit)
Aiming: Random Effects
Press: ? - help, Shift-Dir - straight line, f - you That beam is likely to hit you.
Continue anyway?
The puff of frost hits you! You resist.
You die...

..
.............#
######.....#<#
#.....#.#
###.###.# #.#
#.# #.# #.#
#.# #.# #.#
#.# #@# #{#
#†......#
..###......
#... ....#.
### ##.# #


There were no monsters in sight!

Vanquished Creatures
  4 adders (D:2)
  2 leopard geckos
  A bat (D:1)
  2 goblins (D:1)
  5 hobgoblins
  3 jackals (D:1)
  2 kobolds (D:1)
  2 ball pythons
  2 frilled lizards (D:1)
  A rat (D:2)
24 creatures vanquished.

Notes
Turn   | Place    | Note
-------+----------+-------------------------------------------
     0 | D:1      | sagitran the Kobold Artificer began the quest for the Orb.
     0 | D:1      | Reached XP level 1. HP: 12/12 MP: 3/3
   199 | D:1      | Reached skill level 4 in Evocations
   203 | D:1      | Reached XP level 2. HP: 10/16 MP: 5/5
   926 | D:2      | Reached XP level 3. HP: 17/20 MP: 6/6
   988 | D:2      | Reached skill level 1 in Armour
  1304 | D:2      | Reached XP level 4. HP: 25/25 MP: 7/7
  1327 | D:2      | Shot themself with a puff of frost

Vault maps used:
D:1:      dpeg_arrival_chambers_temple_mockup
D:2:      ashenzari_conservatory_becter, kennysheep_generic_room_6,
          uniq_crazy_yiuf_cottage

Skill      XL: |  1  2  3  4 |
---------------+-------------+-----
Evocations     | 4 |  4.9
Armour         | 1 |  1.4
Short Blades   | 2 |  2.1
Fighting       | |  1.1
Dodging        | |  2.5
Stealth        | |  1.5

Action                   |  1- 3 |  4- 6 || total
-------------------------+-------+-------++-------
Melee: Short sword       |    88 |    17 ||   105
Evoke: Wand              |     4 |     2 ||     6
  Use: Potion            |       |     2 ||     2
  Eat: Chunk             |     9 |       ||     9
Armor: Leather armour    |    20 |     1 ||    21
Dodge: Dodged            |    78 |    14 ||    92

Table legend:
 A = Spawn XP
 B = Non-spawn XP
 C = Spawn XP percentage of total XP
 D = Spawn monster count
 E = Non-spawn monster count
 F = Spawn count percentage of total count
 G = Total turns spent on level
                    A         B        C        D         E        F      G
               +---------+---------+-------+---------+---------+-------+---------
         Total |       0 |      90 |   0.0 |       0 |      24 |   0.0 |  1327
               +---------+---------+-------+---------+---------+-------+---------
           D:1 |       0 |      26 |   0.0 |       0 |      14 |   0.0 |   858
           D:2 |       0 |      64 |   0.0 |       0 |      10 |   0.0 |   469
               +---------+---------+-------+---------+---------+-------+---------
